AoeStats
← ME_DEPRIME_JUGAR_CON_USTEDES

Black Forest

509119199Analyzed
4v4 RM · 5d ago on Sep 25, 2026· 42m 51s· 8 players
Game mode
Random Map
Map size
Large (8 player)
Population
200
Speed
Normal
Resources
Standard
Victory
Conquest
Starting age
Dark Age
Ending age
Imperial Age
RankedLock teamsTeams togetherTeam positionsShared explorationLock speedFull tech treeHidden civsTurbo modeCheats
Victory
Defeat
🇩🇪 Sicilians · Germany
1584
+10
1540
+12
🇮🇹 Bengalis · Italy
1524
+12
🇮🇹 Portuguese · Italy
1520
+14
🇵🇦 Bohemians · Panama
1452
-12
🇨🇳 Koreans · China
1448
-12
🇦🇺 Danes · Australia
1444
-12
🇲🇽 Ethiopians · Mexico
1444
-12
Hommi
2:49 Loom
7:04 Loom
9:15 Feudal Age
13:48 Double-Bit Axe
20:09 Castle Age
18:17 Arson
20:06 Gold Mining
20:01 Horse Collar
21:31 Squires
25:46 Wheelbarrow
24:57 Town Watch
25:33 Fletching
32:29 Imperial Age
31:02 First Crusade
31:25 Bow Saw
31:19 Heavy Plow
32:18 Stone Mining
33:33 Siege Engineers
33:30 Capped Ram
34:28 Scale Mail Armor
34:39 Forging
34:01 Elite Serjeant
36:11 Chain Mail Armor
36:31 Iron Casting
37:46 Plate Mail Armor
37:31 Bodkin Arrow
39:40 Ballistics
40:20 Chemistry
39:06 Arrowslits
39:22 Bracer
40:43 Blast Furnace
39:37 Pikeman
40:21 Halberdier
41:59 Siege Ram
ME_DEPRIME_JUGAR_CON_USTEDES
9:36 Loom
11:22 Feudal Age
12:40 Double-Bit Axe
15:35 Castle Age
13:42 Double-Bit Axe
14:33 Stone Mining
15:50 Horse Collar
21:46 Padded Archer Armor
23:37 Wheelbarrow
27:18 Bow Saw
29:30 Leather Archer Armor
31:08 Husbandry
33:35 Gold Mining
37:36 Bloodlines
38:18 Stone Shaft Mining
43:37 Imperial Age
41:23 Hand Cart
Contadinu(?)
0:57 Loom
11:11 Feudal Age
14:57 Town Watch
17:54 Castle Age
16:45 Double-Bit Axe
17:35 Horse Collar
18:57 Bow Saw
21:12 Wheelbarrow
26:36 Imperial Age
24:40 Gold Mining
24:40 Stone Mining
30:43 Pikeman
31:25 Scale Mail Armor
32:59 Conscription
32:56 Chain Mail Armor
34:52 Chemistry
35:01 Fletching
35:42 Plate Mail Armor
36:02 Bodkin Arrow
37:19 Two-Man Saw
37:31 Siege Engineers
37:58 Halberdier
40:33 Heavy Plow
41:23 Hand Cart
Tony Pitony
11:39 Feudal Age
15:35 Castle Age
13:25 Horse Collar
14:03 Double-Bit Axe
14:36 Gold Mining
16:38 Bow Saw
16:31 Heavy Plow
20:16 Sanctity
22:52 Fervor
30:12 Wheelbarrow
29:23 Loom
33:29 Imperial Age
31:48 Fletching
31:59 Padded Archer Armor
32:20 Hand Cart
32:36 Redemption
33:19 Bodkin Arrow
34:31 Conscription
33:57 Arrowslits
35:13 Chemistry
34:35 Ballistics
34:22 Siege Engineers
34:25 Bracer
35:07 Block Printing
35:17 Illumination
35:34 Gold Shaft Mining
36:46 Two-Man Saw
36:18 Caravan
36:40 Leather Archer Armor
36:48 Elite Elephant Archer
38:25 Ring Archer Armor
38:06 Town Watch
39:06 Mahayana
38:55 Paiks
39:15 Mahayana
39:30 Heavy Scorpion
JAGR | Virus
10:40 Feudal Age
14:27 Castle Age
12:13 Double-Bit Axe
12:28 Horse Collar
15:25 Bow Saw
16:30 Heavy Plow
19:52 Scale Barding Armor
21:08 Wheelbarrow
20:20 Loom
20:30 Town Watch
20:22 Light Cavalry
21:55 Forging
23:53 Chain Barding Armor
24:15 Devotion
32:42 Town Patrol
35:15 Imperial Age
33:43 Fletching
34:39 Bodkin Arrow
35:47 Hand Cart
34:53 Crossbowman
36:02 Bracer
37:05 Conscription
36:21 Elite Skirmisher
37:05 Padded Archer Armor
38:06 Chemistry
38:23 Leather Archer Armor
39:04 Careening
39:17 Siege Engineers
Xerg
0:51 Loom
11:41 Feudal Age
17:08 Wheelbarrow
22:11 Castle Age
[Fx、]AirDk
10:35 Feudal Age
14:07 Castle Age
12:18 Double-Bit Axe
12:41 Horse Collar
21:55 Loom
22:46 Wheelbarrow
28:24 Imperial Age
26:44 Hand Cart
26:41 Bow Saw
27:06 Forging
26:51 Gold Mining
27:46 Scale Barding Armor
27:47 Treadmill Crane
28:06 Murder Holes
27:54 Light Cavalry
28:34 Husbandry
29:08 Heavy Rocket Cart
31:18 Chemistry
31:37 Two-Man Saw
30:37 Heavy Plow
30:29 Stone Mining
30:39 Fletching
31:38 Conscription
31:40 Shinkichon
31:23 Eupseong
31:31 Capped Ram
32:25 Bodkin Arrow
31:52 Hussar
33:20 Stone Shaft Mining
33:06 Bracer
33:28 Ballistics
33:40 Siege Engineers
33:49 Masonry
33:24 Arrowslits
34:00 Ballistics
33:47 Caravan
33:40 Town Watch
34:18 Chain Barding Armor
34:54 Gold Shaft Mining
35:11 Iron Casting
35:26 Coinage
36:02 Architecture
36:09 Banking
35:22 Pikeman
36:03 Squires
36:23 Guilds
37:19 Halberdier
38:01 Scale Mail Armor
38:13 Fortified Wall
40:31 Chain Mail Armor
39:46 Elite War Wagon
A2PL Okr010
5:53 Loom
11:51 Feudal Age
13:00 Double-Bit Axe
15:50 Castle Age
13:53 Horse Collar
16:54 Bow Saw
21:49 Fletching
27:55 Heavy Plow
28:02 Bodkin Arrow
30:45 Ballistics
33:25 Imperial Age
32:47 Squires
32:32 Arson
32:34 Gambesons
32:50 Scale Mail Armor
33:01 Forging
33:47 Chain Mail Armor
33:26 Loom
34:33 Conscription
33:42 Capped Ram
35:11 Conscription
36:37 Plate Mail Armor
36:42 Iron Casting
35:38 Elite Varangian Guard
37:53 Murder Holes
38:59 Chemistry
39:44 Conscription
Connection lost

Rejoining the realm…

Still unreachable

The connection could not be restored.

Session expired

The server has moved on; the page needs a fresh start.